Map: Dusk Towers

Players

HATETHISGAME - Winner!

  • Race: Protoss Protoss
  • League: Diamond

YYYYMMDD

  • Race: Zerg Zerg
  • League: Master

VOD

Have the link to the VOD?

Description

Time

  • Played on: April 28, 2016, midnight
  • Length: 10:23
Show
View Real Time Build Order
Export as new Build Order

HATETHISGAME Protoss - Winner!

Build Orders: 1 Gate Expand, Zealot Archon, Dark Templar Rush 

Get SALT Encoding   

  12  0:01  Probe (Chrono Boost)  
  13  0:11  Probe (Chrono Boost)  
  14  0:21  Pylon  
  14  0:23  Probe (Chrono Boost)  
  15  0:39  Probe (Chrono Boost)  
  16  0:43  Gateway  
  16  0:48  Assimilator  
  16  0:49  Probe (Chrono Boost)  
  17  1:00  Probe (Chrono Boost)  
  18  1:10  Probe (Chrono Boost)  
  19  1:21  Probe (Chrono Boost)  
  20  1:26  Nexus  
  20  1:32  Probe (Chrono Boost)  
  21  1:39  Cybernetics Core  
  21  1:47  Probe (Chrono Boost), Assimilator  
  22  1:58  Probe (Chrono Boost)  
  23  2:04  Pylon  
  23  2:17  Warp Gate  
  23  2:22  Adept  
  25  2:27  Mothership Core (Chrono Boost)  
  27  2:40  Probe (Chrono Boost)  
  28  2:45  Probe (Chrono Boost), Twilight Council  
  28  2:50  Probe (Chrono Boost)  
  30  2:53  Adept  
  30  2:56  Probe (Chrono Boost)  
  33  3:01  Probe (Chrono Boost)  
  33  3:03  Assimilator  
  33  3:06  Probe (Chrono Boost)  
  33  3:07  Assimilator  
  33  3:11  Probe (Chrono Boost)  
  35  3:17  Probe (Chrono Boost)  
  36  3:22  Probe (Chrono Boost)  
  36  3:26  Dark Shrine  
  37  3:27  Probe (Chrono Boost)  
  37  3:32  Probe (Chrono Boost)  
  39  3:38  Probe (Chrono Boost)  
  40  3:41  Pylon  
  40  3:43  Probe (Chrono Boost)  
  40  3:46  Pylon  
  41  3:52  Probe (Chrono Boost)  
  41  3:53  Probe (Chrono Boost)  
  43  4:00  Gateway  
  43  4:02  Gateway  
  43  4:10  Gateway  
  43  4:15  Probe x2 (Chrono Boost)  
  45  4:21  Sentry  
  47  4:37  Nexus  
  47  4:40  Pylon  
  47  4:45  Probe x2 (Chrono Boost)  
  49  4:52  Resonating Glaives (Chrono Boost)  
  49  5:00  Dark Templar x2  
  49  5:01  Dark Templar  
  49  5:04  Dark Templar  
  57  5:10  Probe x2  
  57  5:14  Gateway  
  59  5:17  Gateway  
  59  5:22  Probe  
  59  5:23  Probe  
  61  5:34  Dark Templar  
  61  5:35  Probe, Dark Templar x2  
  66  5:41  Probe  
  67  5:47  Probe  
  67  5:49  Probe  
  69  5:53  Probe  
  69  5:56  Dark Templar  
  72  5:57  Archon  
  72  5:58  Probe  
  72  6:01  Probe  
  74  6:05  Probe, Archon  
  74  6:08  Pylon  
  74  6:10  Archon  
  75  6:15  Probe  
  75  6:17  Dark Templar x3  
  82  6:19  Adept  
  82  6:23  Archon  
  82  6:24  Archon, Pylon  
  84  6:33  Pylon  
  84  6:34  Zealot  
  86  6:41  Adept x2  
  90  6:48  Adept x2  
  94  6:54  Pylon  
  94  6:55  Gateway  
  94  6:56  Gateway  
  94  6:57  Gateway  
  94  7:10  Pylon  
  94  7:13  Adept  
  94  7:14  Adept x5  
  106  7:20  Probe  
  107  7:23  Pylon  
  107  7:24  Pylon  
  107  7:35  Adept x3  
  107  7:36  Adept x3  
  107  7:56  Sentry x5  
  117  8:02  Adept  
  117  8:03  Adept  
  117  8:04  Adept  
  117  8:12  Probe  
  117  8:14  Probe x2  
  117  8:16  Assimilator  
  117  8:20  Adept x5  
  117  8:21  Adept x2  
  117  8:24  Probe  
  117  8:29  Pylon  
  117  8:31  Pylon  
  117  8:34  Assimilator  
  117  8:45  Gateway x2  
  117  8:47  Probe  
  117  8:49  Adept x3  
  117  8:50  Adept x4  
  117  9:04  Probe x2  
  117  9:17  Nexus  
  117  9:18  Pylon  
  117  9:26  Pylon  
  117  9:27  Pylon  
  117  9:29  Pylon x2  
  117  9:32  Probe  
  117  9:35  Pylon  
  117  9:38  Pylon  
  117  9:40  Stalker x4, Pylon  
  117  9:45  Stalker x5  
  117  10:02  Sentry  
  117  10:03  Sentry x5  
  117  10:09  Zealot  
  117  10:10  Zealot x4  
Show
View Real Time Build Order
Export as new Build Order

YYYYMMDD Zerg 

Build Orders: Hatch First 

Get SALT Encoding   

  12  0:01  Drone  
  13  0:12  Overlord  
  13  0:17  Drone  
  14  0:30  Drone x2  
  16  0:38  Drone  
  17  0:53  Hatchery  
  17  0:55  Drone  
  17  0:59  Drone  
  18  1:09  Extractor  
  17  1:13  Spawning Pool  
  17  1:16  Drone  
  17  1:20  Drone  
  18  1:28  Drone  
  19  1:43  Overlord  
  19  1:52  Drone  
  20  2:00  Queen  
  22  2:02  Zergling x2  
  22  2:04  Queen  
  22  2:05  Zergling x2  
  26  2:12  Drone  
  26  2:13  Metabolic Boost  
  27  2:16  Drone  
  28  2:25  Drone  
  29  2:31  Drone  
  29  2:36  Queen  
  32  2:49  Drone x2  
  32  2:50  Overlord, Drone  
  35  2:57  Hatchery  
  34  3:07  Drone x2  
  36  3:16  Drone x3  
  36  3:17  Drone x3  
  42  3:25  Pneumatized Carapace  
  42  3:28  Overlord  
  42  3:29  Overlord  
  42  3:31  Drone  
  42  3:33  Drone  
  44  3:54  Queen  
  46  4:00  Evolution Chamber  
  46  4:01  Drone  
  46  4:02  Baneling Nest  
  45  4:12  Spore Crawler  
  45  4:14  Zergling x4  
  45  4:16  Drone x9  
  55  4:21  Spore Crawler  
  54  4:27  Zerg Melee Weapons Level 1  
  54  4:34  Spore Crawler  
  54  4:35  Zergling x2  
  54  4:36  Zergling x12  
  60  4:42  Spore Crawler  
  60  4:44  Lair  
  59  4:46  Drone x2  
  59  4:47  Drone  
  62  4:57  Drone x4  
  62  4:58  Overlord  
  62  4:59  Overlord x2  
  66  5:15  Overlord x2  
  66  5:21  Extractor, Drone x6  
  66  5:22  Extractor  
  69  5:38  Drone x8  
  69  5:39  Drone x3  
  69  5:42  Extractor  
  79  5:43  Extractor  
  79  5:46  Spire  
  77  5:51  Extractor  
  77  5:52  Overseer  
  76  6:08  Drone x3  
  76  6:09  Drone x12  
  91  6:39  Overlord x2  
  91  6:40  Overlord x3  
  91  6:42  Hatchery  
  90  6:48  Hatchery  
  90  6:49  Evolution Chamber, Spore Crawler  
  87  6:59  Zergling x20  
  97  7:05  Baneling x19  
  97  7:11  Spore Crawler  
  96  7:16  Zergling x18  
  96  7:17  Zergling x2  
  105  7:33  Zergling x2  
  99  7:38  Zergling x16  
  86  7:51  Zergling x14  
Tags
 
Add a new tag
Caveats
  • Supply blocks, unpowered buildings, or Contaminate may cause inaccurate times.
  • Supply counts are checked every 10 seconds.